Map: Jagannatha LE

Players

eldiablo - Winner!

  • Race: Terran Terran
  • League: Diamond
  • Spawn Location: 1:00

Massa

  • Race: Terran Terran
  • League: Platinum
  • Spawn Location: 7:00

VOD

Have the link to the VOD?

Description

Time

  • Played on: Dec. 30, 2020, 12:37 p.m.
  • Length: 21:34
Show
View Real Time Build Order
Export as new Build Order

eldiablo Terran - Winner!

Build Orders:  

Get SALT Encoding   

  12  0:00  SCV  
  13  0:12  SCV  
  14  0:17  Supply Depot  
  14  0:24  SCV  
  14  0:28  Refinery  
  15  0:39  SCV  
  16  0:45  Barracks  
  16  0:58  SCV  
  16  1:00  Refinery  
  17  1:10  SCV  
  18  1:15  Supply Depot  
  18  1:22  SCV  
  19  1:34  SCV  
  19  1:36  Reaper  
  21  1:47  Factory  
  21  1:55  SCV  
  22  2:07  SCV  
  23  2:18  Reaper  
  24  2:28  Command Center  
  23  2:36  Hellion  
  25  2:49  Starport  
  25  2:55  Barracks Reactor  
  25  2:58  Hellion  
  27  3:07  Orbital Command  
  27  3:24  Factory Tech Lab  
  27  3:28  Starport Tech Lab  
  27  3:35  Barracks  
  27  4:07  Marine  
  27  4:08  Marine  
  27  4:09  Raven, Siege Tank  
  32  4:12  SCV  
  32  4:15  Orbital Command  
  35  4:24  SCV  
  35  4:25  Marine  
  37  4:32  Engineering Bay  
  37  4:37  Barracks Reactor, SCV  
  38  4:49  SCV  
  38  5:01  SCV  
  38  5:03  Raven  
  41  5:10  SCV  
  41  5:13  SCV  
  43  5:18  Supply Depot  
  43  5:21  Marine x2  
  44  5:22  SCV  
  46  5:40  SCV x2, Marine  
  50  5:52  SCV x2  
  52  6:01  Siege Tank  
  54  6:11  Command Center, Supply Depot  
  54  6:12  Barracks  
  54  6:15  SCV x2  
  56  6:27  SCV  
  56  6:33  Siege Tank  
  59  6:50  Refinery  
  59  6:52  Refinery, Medivac x2  
  59  6:53  Marine  
  59  6:54  Marine x2  
  64  6:58  Stimpack  
  64  7:00  Barracks Tech Lab  
  66  7:05  Siege Tank  
  69  7:11  Marine, Supply Depot x2  
  69  7:14  Marine  
  70  7:16  Barracks  
  70  7:17  Marine  
  66  7:29  Marine  
  64  7:32  Marine  
  64  7:34  Marine  
  64  7:36  Combat Shield  
  64  7:39  Medivac  
  66  7:47  Marine  
  67  7:59  SCV x2  
  65  8:05  Barracks Reactor  
  65  8:11  SCV  
  61  8:15  SCV  
  62  8:23  SCV  
  62  8:27  SCV  
  62  8:31  Marine  
  62  8:32  Marine x3  
  67  8:36  SCV  
  67  8:39  SCV  
  69  8:41  Engineering Bay  
  69  8:43  Armory  
  69  8:48  SCV, Orbital Command  
  70  8:49  Marine  
  70  8:50  Marine x3  
  70  8:51  Barracks  
  70  8:52  SCV  
  70  8:53  Barracks  
  75  9:00  SCV  
  76  9:04  SCV  
  76  9:07  Marine  
  76  9:08  Marine x3  
  81  9:12  SCV  
  81  9:16  SCV  
  83  9:24  SCV  
  83  9:25  Marine x4  
  83  9:26  Orbital Command  
  83  9:28  SCV  
  92  9:31  Siege Tank  
  92  9:33  Terran Vehicle Weapons Level 1  
  92  9:35  Terran Infantry Armor Level 1, Terran Infantry Weapons Level 1  
  92  9:36  SCV  
  93  9:40  SCV  
  93  9:43  Marine x4  
  93  9:45  Marine  
  98  9:47  Barracks Reactor x2  
  99  10:01  Marine x2  
  101  10:10  Marine x4  
  101  10:13  Supply Depot  
  105  10:15  SCV x3, Supply Depot  
  105  10:16  Supply Depot  
  105  10:18  Marine  
  105  10:19  Marine  
  105  10:20  Supply Depot  
  110  10:27  SCV x3  
  113  10:28  Marine x4  
  117  10:36  Marine  
  117  10:37  Marine  
  117  10:38  Supply Depot  
  117  10:39  SCV  
  117  10:46  Marine x4  
  119  10:54  Marine x2  
  121  11:01  Medivac x2  
  115  11:04  Marine x4  
  115  11:11  Marine x4  
  118  11:12  Marine  
  118  11:17  SCV x3  
  128  11:18  Siege Tank  
  128  11:22  Refinery  
  128  11:25  Refinery  
  128  11:29  SCV x3, Marine x3, Command Center  
  128  11:31  Medivac x2  
  138  11:41  SCV  
  138  11:42  SCV x2  
  141  11:50  Siege Tank  
  141  11:51  Marine  
  141  11:52  Marine x7  
  141  11:53  SCV  
  141  11:54  SCV  
  155  11:56  Marauder x2  
  155  11:58  SCV  
  155  12:01  Medivac x2  
  161  12:05  SCV  
  164  12:09  Marine  
  165  12:19  Terran Infantry Armor Level 2, Terran Infantry Weapons Level 2  
  165  12:22  Starport  
  165  12:24  Starport  
  165  12:41  SCV x3, Marine x10, Medivac x2  
  154  12:53  SCV  
  153  12:58  Marine x10  
  153  13:03  Starport Reactor x2  
  163  13:11  Medivac x2  
  167  13:16  Marine x10  
  177  13:22  Command Center  
  177  13:32  Supply Depot  
  177  13:35  Marauder  
  177  13:37  Marauder, Supply Depot  
  159  13:56  Marauder  
  159  13:58  Marauder  
  152  14:03  SCV x3  
  152  14:08  Planetary Fortress  
  151  14:13  Terran Vehicle And Ship Armor Level 1, Viking  
  151  14:15  SCV x3, Viking  
  158  14:17  Marauder  
  158  14:20  Marauder  
  162  14:28  Refinery, SCV  
  162  14:29  SCV x2  
  162  14:30  Refinery  
  165  14:39  Marauder  
  165  14:41  Marauder  
  169  14:53  Viking x6  
  169  14:58  Terran Infantry Weapons Level 3  
  181  15:00  Marauder  
  181  15:03  Marauder, Terran Infantry Armor Level 3  
  182  15:21  Marauder  
  182  15:23  Viking x3  
  182  15:24  Marauder  
  151  15:40  Viking x3  
  157  15:53  Viking x3  
  157  16:06  Marine x2  
  157  16:07  Marauder, Marine x2  
  157  16:08  Marauder, Marine x4  
  157  16:10  Viking x3  
  174  16:12  Terran Vehicle And Ship Armor Level 2  
  174  16:17  Planetary Fortress  
  172  16:23  Viking  
  172  16:24  Marine x4, Siege Tank  
  180  16:26  Marine x4  
  180  16:29  Marauder x2  
  188  16:42  Marine x4  
  192  16:50  Marauder  
  192  16:51  Marauder  
  196  16:56  Marine, Siege Tank  
  198  17:11  Marauder  
  200  17:16  Refinery  
  200  17:18  Refinery  
  198  18:36  Fusion Core  
  198  18:43  Starport  
  198  18:45  Starport  
  198  18:57  Terran Ship Weapons Level 1  
  198  19:00  Hi-Sec Auto Tracking  
  198  19:01  Neosteel Armor  
  195  19:25  Weapon Refit  
  195  19:26  Battlecruiser  
  195  19:28  Starport Tech Lab x2  
  195  19:31  Battlecruiser  
  195  19:43  Command Center  
  195  19:56  Command Center  
  189  20:09  Battlecruiser  
  189  20:13  SCV  
  189  20:14  SCV x4  
Show
View Real Time Build Order
Export as new Build Order

Massa Terran 

Build Orders: Reaper Expand 

Get SALT Encoding   

  12  0:00  SCV  
  13  0:12  SCV  
  14  0:17  Supply Depot  
  14  0:24  SCV  
  15  0:39  SCV  
  15  0:40  Barracks  
  16  0:49  Refinery  
  16  0:51  SCV  
  17  1:03  SCV  
  18  1:19  SCV  
  19  1:31  Orbital Command  
  19  1:34  Reaper  
  20  1:45  Command Center  
  20  2:00  Supply Depot  
  20  2:10  Barracks, Marine  
  20  2:33  Factory  
  20  2:34  SCV  
  21  2:39  Engineering Bay  
  21  2:44  Marine  
  21  2:46  SCV  
  23  2:54  Supply Depot  
  23  2:57  Orbital Command  
  23  3:08  Barracks Tech Lab  
  23  3:19  Refinery  
  23  3:24  Marine  
  26  3:27  Marauder  
  26  3:41  Marine  
  26  3:44  SCV x2  
  26  3:48  Hellion  
  31  3:54  Marauder  
  33  3:56  Stimpack  
  33  4:08  Marine  
  33  4:09  Hellion  
  36  4:13  SCV x2  
  38  4:21  Starport, Missile Turret  
  37  4:25  SCV  
  37  4:26  Marine  
  37  4:29  SCV, Missile Turret  
  40  4:33  Marauder  
  40  4:37  SCV  
  43  4:41  SCV  
  43  4:42  Factory Tech Lab  
  43  4:44  Marine  
  45  4:50  SCV  
  46  4:53  SCV  
  46  4:54  Marauder  
  49  5:01  Marine  
  49  5:02  SCV  
  49  5:04  Siege Tank  
  54  5:09  Refinery  
  54  5:12  Supply Depot  
  54  5:13  Supply Depot  
  54  5:26  Barracks Reactor  
  54  5:29  Refinery  
  54  5:32  Missile Turret  
  54  5:33  Medivac  
  54  5:34  SCV x2, Marauder  
  60  5:37  Barracks Reactor  
  60  5:46  SCV  
  56  6:03  Combat Shield  
  56  6:06  Marauder  
  58  6:12  Widow Mine  
  58  6:13  Missile Turret  
  58  6:14  Marine x2  
  58  6:17  SCV x2  
  64  6:23  Starport Tech Lab  
  64  6:28  Marauder  
  64  6:29  SCV x2  
  64  6:32  Marine x2  
  70  6:44  Widow Mine  
  70  6:56  Terran Infantry Weapons Level 1  
  70  7:04  Supply Depot  
  70  7:05  Supply Depot  
  70  7:07  Supply Depot  
  70  7:08  Command Center  
  70  7:24  Marine  
  70  7:26  Viking  
  71  7:55  SCV  
  71  7:56  SCV  
  73  8:07  Marauder, Marine x2  
  73  8:08  SCV x2  
  79  8:20  SCV  
  79  8:25  Marine x2  
  82  8:28  Marauder  
  87  8:34  Siege Tank  
  87  8:35  Viking  
  89  8:43  Marine x2  
  89  8:44  SCV x2  
  93  8:50  Terran Infantry Armor Level 1, Marauder  
  93  8:55  Armory  
  95  8:56  SCV x2  
  95  9:00  Barracks, Marine  
  95  9:02  Barracks  
  98  9:05  Command Center, Viking  
  98  9:08  SCV x2  
  102  9:10  Marine  
  102  9:11  Marauder  
  102  9:12  Concussive Shells  
  105  9:18  Marine  
  105  9:21  Planetary Fortress  
  106  9:26  Missile Turret  
  106  9:27  Marine  
  106  9:28  Sensor Tower  
  107  9:33  Marauder  
  109  10:04  Medivac  
  108  10:09  Marauder  
  108  10:16  Sensor Tower  
  108  10:17  SCV x3  
  108  10:18  SCV  
  112  10:29  SCV x2  
  112  10:30  SCV x2  
  116  10:41  SCV  
  116  10:42  SCV x3  
  120  11:09  SCV  
  120  11:11  SCV x3  
  124  11:14  Barracks Tech Lab  
  124  11:21  Supply Depot  
  124  11:22  Supply Depot  
  124  11:23  Terran Infantry Weapons Level 2  
  124  11:24  Engineering Bay  
  124  11:25  Supply Depot  
  124  11:42  Refinery  
  124  11:43  SCV x3, Marauder, Marine x3  
  124  11:44  Refinery  
  132  11:48  Missile Turret  
  132  11:49  Supply Depot x3  
  132  11:53  Siege Tank  
  135  11:55  SCV x3  
  135  12:01  Marine x3  
  141  12:05  Marauder  
  141  12:07  Missile Turret  
  143  12:14  Marauder, Supply Depot  
  145  12:16  Supply Depot  
  145  12:19  Barracks Tech Lab  
  145  12:23  Viking  
  145  12:25  Siege Tank  
  145  12:26  Marauder  
  152  12:35  Marauder  
  144  12:47  Marauder  
  145  12:53  Viking  
  145  12:56  Marauder  
  145  12:57  Siege Tank  
  152  13:16  Starport, Terran Infantry Armor Level 2  
  152  13:18  Terran Vehicle Weapons Level 1  
  100  14:15  Planetary Fortress  
  100  14:17  SCV x3  
  102  14:29  SCV x3  
  102  14:30  Starport Reactor  
  105  14:32  Medivac  
  105  14:34  Refinery x2, Siege Tank  
  105  14:35  Marauder x3  
  105  14:36  Marine x2  
  118  14:46  Terran Infantry Weapons Level 3  
  118  14:54  Marine x2  
  118  14:56  Marauder  
  118  14:57  Armory, Marauder x2  
  118  14:58  Supply Depot  
  126  15:02  Medivac  
  126  15:06  Sensor Tower, Siege Tank  
  131  15:11  Missile Turret  
  131  15:12  Marine  
  132  15:18  Marauder x3  
  134  15:22  Supply Depot  
  134  15:24  Marine  
  81  15:36  Marine  
  81  15:38  Siege Tank  
  81  15:39  Marauder x2, Marine  
  81  15:44  Supply Depot  
  80  15:54  Supply Depot  
  81  15:57  Marauder  
  81  16:01  Marauder  
  81  16:04  Medivac  
  81  16:05  Medivac x2  
  81  16:08  Supply Depot  
  81  16:10  Siege Tank  
  79  16:17  Supply Depot  
  63  16:19  Marauder  
  63  16:22  Marauder  
  65  16:31  Barracks  
  65  16:32  Barracks, Supply Depot  
  65  16:33  Barracks  
  65  16:34  Medivac  
  65  16:36  Command Center  
  67  16:40  Marauder, Supply Depot  
  67  16:42  Siege Tank  
  67  16:44  Marauder  
  74  16:47  Command Center  
  73  16:57  Supply Depot  
  60  17:01  Marauder  
  60  17:05  Marauder  
  64  17:08  Viking x3  
  64  17:14  Siege Tank  
  73  17:20  Barracks  
  72  17:23  Marauder  
  72  17:26  Marauder, Marine x3  
  79  17:32  SCV  
  79  17:38  Viking x2  
  79  17:43  Marine  
  84  17:44  Marauder, Marine x2  
  84  17:48  Marauder  
  87  18:01  Marine  
  85  18:06  Marauder  
  85  18:12  Marine x2  
  78  18:13  Marauder  
  81  18:26  Marine  
  81  18:39  Liberator x2  
  81  18:40  Viking  
  86  19:10  Viking  
  85  19:22  Viking  
  85  19:36  Orbital Command  
  85  19:43  SCV  
  86  19:55  SCV  
  87  20:02  SCV  
  82  20:08  SCV  
  83  20:14  SCV  
  83  20:20  SCV  
  85  20:26  SCV  
  78  20:56  SCV x2  
  76  21:08  SCV x2  
  70  21:12  Command Center  
Tags
 
Matchup
TvT
Race
Terran
Replay Pack
Multiplayer
Spawn Locations
Cross Positions
Add a new tag
Caveats
  • Supply blocks, unpowered buildings, or Contaminate may cause inaccurate times.
  • Supply counts are checked every 10 seconds.